 Dungeon Crawl Stone Soup version 0.16.0-17-g811c1d7 (webtiles) character file.

366377 McCoppin the Formicid Blade (level 23, -9/228 HPs)
             Began as a Formicid Monk on Mar 19, 2015.
             Was a Priest of Nemelex Xobeh.
             Killed from afar by a spellforged servitor (65 damage)
             ... with a bolt of negative energy
             ... summoned by a lich
             ... on level 2 of the Depths on Mar 20, 2015.
             The game lasted 06:49:09 (64299 turns).

McCoppin the Formicid Blade (Formicid Monk)        Turns: 64299, Time: 06:49:25

Health: -9/228     AC: 23    Str: 22    XL:     23   Next: 61%
Magic:  39/41      EV:  6    Int:  7    God:    Nemelex Xobeh [***...]
Gold:   1592       SH: 19    Dex: 16    Spells: 0 memorised, 22 levels left

rFire  + . .     SeeInvis +     e - +0 great sword (freeze)
rCold  + . .     Clarity  +     Y - +3 plate armour {MR+}
rNeg   . . .     SustAb   .     X - +2 large shield
rPois  .         Gourm    .     (helmet unavailable)
rElec  .         Spirit   .     F - +2 cloak
rCorr  .         Warding  .     y - +2 pair of gloves
rMut   .         Stasis   +     E - +0 pair of boots
MR     ++++.                    C - amulet of clarity
Stlth  ..........               R - +3 ring of slaying
                                n - ring of protection from cold

@: very heavily drained, incredibly resistant to hostile enchantments, extremely
unstealthy
A: permanent stasis, dig shafts and tunnels, four strong arms, antennae 3,
hooves 2, molten scales 1, blurry vision 1, deterioration 1, dopey 1, fire
resistance 1, magic resistance 1, sense surroundings 1, robust 2, weak 1
a: Dig, Shaft Self, Triple Draw, Renounce Religion
}: 2/15 runes: decaying, serpentine


You were on level 2 of the Depths.
You worshipped Nemelex Xobeh.
Nemelex Xobeh was most pleased with you.
You were not hungry.

You visited 8 branches of the dungeon, and saw 44 of its levels.
You also visited: Bailey and Ice Cave.

You collected 4789 gold pieces.
You spent 3083 gold pieces at shops.

Inventory:

Hand weapons
 d - a +2 triple sword of holy wrath
 e - a +0 great sword of freezing (weapon)
Armour
 y - a +2 pair of gloves (worn)
 E - a +0 pair of boots (worn)
 F - a +2 cloak (worn)
 X - a +2 large shield (worn)
 Y - a +3 plate armour of magic resistance (worn)
Jewellery
 n - a ring of protection from cold (left hand)
 r - an uncursed ring of sustain abilities
 t - an uncursed ring of flight
 v - a +6 ring of strength
 B - the ring "Fruatt" {rPois MP+9 Int-2 Dex+3 SInv Stlth+}
   (You bought it in a shop on level 14 of the Dungeon)

   [ring of stealth]

   It affects your intelligence (-2).
   It affects your dexterity (+3).
   It protects you from poison.
   It affects your magic capacity (+9).
   It enhances your eyesight.
   It makes you more stealthy.
 C - an amulet of clarity (around neck)
 R - a +3 ring of slaying (right hand)
Magical devices
 j - a wand of confusion (15)
 A - a wand of draining (0)
 I - a wand of polymorph (5)
 O - a wand of paralysis (8)
 Q - a wand of slowing (14)
 S - a wand of lightning (3)
 T - a wand of heal wounds (0)
Scrolls
 c - 15 scrolls of remove curse
 h - 13 scrolls of identify
 m - 4 scrolls of fog
 o - 2 scrolls of magic mapping
 w - a scroll of silence
 x - a scroll of amnesia
 H - 5 scrolls of recharging
 J - 11 scrolls of fear
 P - a scroll of enchant weapon
 V - 2 scrolls of enchant armour
 Z - a scroll of summoning
Potions
 g - 13 potions of curing
 i - 3 potions of magic
 z - 3 potions of restore abilities
 K - 4 potions of resistance
 M - 4 potions of agility
 N - 2 potions of cancellation
 W - 3 potions of might
Miscellaneous
 a - a legendary deck of destruction
 b - a legendary deck of destruction {the Orb, left: 4}
 f - a plain deck of destruction
 p - a legendary deck of war {Water, left: 4}
 s - a sack of spiders
 D - a plain deck of destruction
 U - a plain deck of defence
Comestibles
 l - 4 chunks of flesh
 q - 21 meat rations


   Skills:
 + Level 18.0(11.9) Fighting
 - Level 24.0(17.1) Long Blades
 - Level 10.0(4.9) Armour
 - Level 7.6(2.8) Dodging
 - Level 2.4(0.0) Stealth
 - Level 15.2(9.4) Shields
 - Level 4.0(0.0) Unarmed Combat
 - Level 20.2(13.7) Evocations


You had 22 spell levels left.
You didn't know any spells.

Dungeon Overview and Level Annotations

Branches:
Dungeon (15/15)            Temple (0/1) D:5            Lair (8/8) D:11
  Swamp (5/5) Lair:6        Snake (5/5) Lair:6        Slime (0/6) Lair:7
    Orc (4/4) D:10            Elf (1/3) Orc:3        Vaults (4/5) D:13
  Crypt (0/3) Vaults:3     Depths (2/5) D:15

Altars:
Ashenzari
Cheibriados
Dithmenos
Elyvilon
Gozag
Makhleb
Nemelex Xobeh
Okawaru
Qazlal
Ru
Trog
Vehumet
Xom
Yredelemnul
Zin
Beogh
Jiyva

Shops:
D:13 ?   D:14 =   Orc:4 %:(!   Snake:3 *   Vaults:4 *   Depths:2 ?

Portals:
Hell: Lair:8 Depths:1 Depths:2
Pandemonium: Depths:1

Annotations:
D:4 Duvessa; Zapata's ghost, average KoBe
D:6 Zapata's ghost, experienced KoBe


Innate Abilities, Weirdness & Mutations

You are under a permanent stasis effect.
You can dig through walls and to a lower floor.
Your four strong arms can wield two-handed weapons with a shield.
You have a pair of large antennae on your head (SInv).
You have hoof-like feet.
You are partially covered in molten scales (AC +1).
Scrolls take you a little longer to read.
Your body is slowly deteriorating.
You are dopey. (Int -2)
Your flesh is heat resistant.
You are resistant to hostile enchantments.
You passively map a small area around you.
You are very robust (+20% HP).
You are weak. (Str -2)


Message History

You deal a card...
It is Velocity.
Nothing appears to happen.
You deal a card...
It is Swap.
Your stasis keeps you stable.
You deal a card...
It is the Elixir.
You deal a card...
It is Swap.
Your stasis keeps you stable.
The deck of cards disappears in a puff of smoke.
You can no longer deal four cards at a time.
The lich completely misses you.
Unknown command.
Evoke which item? (* to show all) (? for menu, Esc to quit)
Okay, then.
Evoke which item? (* to show all) (? for menu, Esc to quit)
Okay, then.
Unknown command.
You barely miss the lich. You block the lich's attack.
The spellforged servitor gestures at you while chanting.
The bolt of negative energy hits the lich.
The lich completely resists.
The bolt of negative energy hits you!
You feel drained.
You die...
Your body disappears without a glow.

...............%.............[}..
#.#############################))
..# *≈♣ ♣♣≈♣♣ #.. ..# ≈≈♣ ♣♣≈≈≈♣♣
#.. #.# ≈≈≈≈≈♣ ♣♣≈≈≈≈≈♣♣ #). #.#
* ≈≈≈≈≈♣ ♣♣≈≈≈≈≈≈≈♣♣ #.) #.# * ≈
≈≈≈♣≈≈♣ ♣♣≈≈♣≈≈≈♣≈≈♣♣#.) #(#
≈.%.≈≈≈8♣#♣≈≈≈≈...≈≈≈≈♣#[[
..#≈≈≈≈ ♣[≈≈≈≈L@≈(((((♣(≈≈≈≈≈'..
..# ≈.[?≈≈≈≈♣#♣≈≈≈≈^(.≈≈≈≈♣#..
#.#* ≈≈≈♣≈≈♣ ♣♣≈≈♣≈≈≈♣≈≈♣♣#). ..#
* ≈ ≈≈≈♣ ♣♣≈≈≈≈≈≈≈♣♣ #.. #.#
≈≈≈≈♣ ♣♣≈≈≈≈≈♣♣ #.. ..# * ≈≈♣
♣♣≈≈≈♣♣ #.. ..# * ♣ ♣♣≈♣♣ #.. #.#
### #.. #.# * #..


You could see a lich and a spellforged servitor.

Vanquished Creatures
  Norris (Swamp:3)
  Mara (Snake:3)
  2 tentacled monstrosities
  A lich (Vaults:4)
  3 thorn hunters
  Agnes (Swamp:3)
  A shadow dragon (Depths:2)
  The ghost of Anothat the Spear-Bearer, a mighty DsBe of Trog (Swamp:5)
  A tengu reaver (Vaults:4)
  A sphinx (Vaults:3)
  3 fire giants
  2 storm dragons (Vaults:4)
  4 frost giants
  12 vault wardens
  15 greater nagas (Snake:5)
  Maud (Lair:3)
  A balrug (Depths:1)
  A deep elf sorcerer (Vaults:3)
  Aizul (Snake:2)
  An orc warlord (Vaults:1)
  An emperor scorpion (Depths:2)
  A war gargoyle (Vaults:4)
  10 ironheart preservers
  4 very ugly things
  10 stone giants
  A deep elf demonologist (Vaults:4)
  A deep elf annihilator (Elf:1)
  2 ettins
  2 dire elephants
  2 deep elf death magi
  7 fire dragons
  6 vault guards
  2 minotaurs (Depths:2)
  23 naga warriors
  8 yaktaur captains
  2 great orbs of eyes
  4 ice dragons
  2 spriggan air magi (Depths:2)
  31 hydras
  16 centaur warriors
  5 rakshasas
  A ghost crab (Swamp:3)
  A catoblepas (Lair:7)
  14 anacondas
  Erica (D:12)
  A satyr (shapeshifter) (D:15)
  An alligator snapping turtle (D:12)
  7 ogre magi
  3 deep troll earth magi
  9 alligators
  21 naga sharpshooters
  4 tengu warriors
  7 deep troll shamans
  A shock serpent (shapeshifter) (Vaults:4)
  An orc high priest (Orc:4)
  2 sun demons (Depths:1)
  3 shock serpents
  A soul eater (Vaults:4)
  A shadow wraith (Vaults:4)
  4 skeletal warriors (Vaults:1)
  8 giant leeches
  2 fire crabs
  3 spriggan druids
  5 sea snakes
  2 unseen horrors
  6 deep elf knights
  A deep elf summoner (Depths:2)
  9 naga ritualists
  10 swamp dragons
  2 salamander mystics
  4 ice statues
  14 deep trolls
  A flayed ghost (Vaults:2)
  2 shambling mangroves
  7 deep elf conjurers
  4 wizards
  16 orc knights
  14 hill giants
  12 ironbrand convokers
  A cyclops (shapeshifter) (Depths:1)
  37 ugly things
  3 cyclopes
  14 mana vipers
  A harpy (Vaults:1)
  4 wolf spiders
  13 salamanders
  2 orc sorcerers
  2 griffons
  An elephant (Snake:3)
  6 hornets
  6 guardian serpents
  31 black mambas
  A centaur zombie (D:13)
  A manticore (Depths:1)
  An orange demon (Lair:8)
  14 vault sentinels
  20 spiny frogs
  2 gargoyles
  2 kobold demonologists
  6 centaur skeletons
  2 fire drakes (Lair:8)
  6 komodo dragons
  19 naga magi
  A fire drake (shapeshifter) (Vaults:1)
  34 yaktaurs
  An efreet (D:15)
  An elf (shapeshifter) (Vaults:4)
  A jumping spider (Vaults:2)
  4 deep elf priests
  A red devil (Lair:8)
  5 freezing wraiths
  2 hellwings
  3 blue devils (Lair:8)
  A tengu conjurer (D:12)
  5 trolls
  40 slime creatures
  20 two-headed ogres
  12 baby alligators
  17 bog bodies
  5 basilisks
  A trapdoor spider zombie (D:15)
  15 blink frogs
  A slime creature (shapeshifter) (Vaults:3)
  A basilisk (shapeshifter) (D:13)
  10 deep elf magi
  7 boulder beetles
  2 human simulacra
  A stone giant simulacrum (Vaults:4)
  12 ravens
  6 redbacks
  35 yaks
  2 humans
  2 air elementals (Depths:2)
  4 wyverns
  7 spriggans
  4 shadows
  A wraith (D:12)
  Eustachio (D:10)
  A golden eye (shapeshifter) (Vaults:1)
  2 hogs (D:7)
  2 hungry ghosts
  19 deep elf fighters
  Grum (Orc:4)
  A water elemental (Depths:2)
  2 steam dragons
  11 wolves
  18 hippogriffs
  84 nagas
  7 insubstantial wisps
  29 water moccasins
  24 swamp worms
  4 mottled dragons
  30 vampire mosquitoes
  8 wargs
  8 porcupines
  10 ice beasts
  9 wasps
  A hell hound (Lair:8)
  48 orc warriors
  A dwarf (shapeshifter) (Vaults:1)
  2 eyes of draining
  9 phantoms
  A black bear (shapeshifter) (Vaults:4)
  19 swamp drakes
  A sky beast (D:6)
  41 ogres
  28 centaurs
  6 boggarts
  16 crocodiles
  A brain worm (Lair:7)
  3 big kobolds
  26 giant frogs
  2 wyvern zombies
  A water moccasin zombie (D:6)
  20 wights
  12 killer bees
  2 scorpions
  2 goliath beetles
  4 electric eels
  A giant frog zombie (D:10)
  Dowan (D:4)
  12 crimson imps
  8 hounds
  2 jellies
  12 iguanas
  37 orc priests
  2 quasits
  3 gnoll shamans
  An iron imp (Depths:1)
  4 giant frog skeletons
  47 orc wizards
  An elf simulacrum (Vaults:2)
  16 worker ants
  20 sheep
  An ogre zombie (Orc:1)
  A hound skeleton (D:10)
  A mummy (D:13)
  13 gnolls
  35 adders
  59 river rats
  6 shadow imps
  A white imp (Vaults:4)
  3 worms (D:3)
  An ufetubus (D:10)
  A worm (shapeshifter) (Vaults:1)
  2 adder skeletons
  3 giant geckos
  227 orcs
  15 bats
  9 giant cockroaches
  20 goblins
  18 hobgoblins
  10 jackals
  18 quokkas
  7 ball pythons
  3 giant newts
  3 giant spores
  27 kobolds
  13 rats
  16 ballistomycetes
  4 briar patches (Swamp:5)
  A fungus (Lair:3)
  9 plants
2069 creatures vanquished.

Vanquished Creatures (collateral kills)
  Rupert (Lair:6)
  An ironheart preserver (Vaults:1)
  5 hydras
  A sun demon (Lair:8)
  A skeletal warrior (Vaults:1)
  A spriggan druid (Swamp:5)
  A deep troll (Depths:2)
  A wizard (Depths:2)
  A swamp dragon (Swamp:5)
  A lindwurm (Lair:6)
  3 orc knights (Orc:4)
  An ugly thing (D:11)
  A spiny frog (Swamp:5)
  2 orange demons (Lair:8)
  A smoke demon (Lair:8)
  3 komodo dragons
  A red devil (Lair:8)
  A blue devil (Lair:8)
  Sonja (Orc:3)
  A blink frog (Lair:8)
  8 ravens
  A bog body (Swamp:5)
  A two-headed ogre (Depths:2)
  A baby alligator (Swamp:3)
  A shadow (Swamp:5)
  A steam dragon (Depths:2)
  6 vampire mosquitoes
  4 wargs (Orc:4)
  A porcupine (Lair:1)
  10 orc warriors
  A boring beetle (Lair:6)
  A crocodile (Lair:6)
  A killer bee (D:11)
  3 electric eels (Lair:3)
  6 orc priests
  An iguana (D:11)
  15 orcs
  A giant cockroach (Depths:2)
  A hobgoblin (Depths:2)
  2 kobolds (D:14)
  A giant newt (Depths:2)
  2 fungi
98 creatures vanquished.

Vanquished Creatures (others)
  A rakshasa (Depths:1)
  A skeletal warrior (Vaults:2)
  An ugly thing (Lair:6)
  2 fauns
  A smoke demon (Depths:1)
  A molten gargoyle (Vaults:4)
  5 yaktaurs
  A red devil (Depths:2)
  2 dancing weapons
  6 air elementals
  4 water elementals
  7 vampire mosquitoes
  A hell hound (Depths:2)
  A chimera (Lair:8)
  A swamp drake (Swamp:1)
  An ice beast (Depths:2)
  5 centaurs
  A giant frog (Swamp:3)
  8 killer bees
  2 electric eels (Orc:4)
  2 iguanas
  An orc (Orc:3)
  A bat (Depths:2)
  4 giant spores
  10 briar patches (Swamp:5)
  3 fungi
  2 plants (Lair:8)
  4 toadstools (Swamp:3)
79 creatures vanquished.

Grand Total: 2246 creatures vanquished

Notes
Turn   | Place    | Note
--------------------------------------------------------------
     0 | D:1      | McCoppin, the Formicid Monk, began the quest for the Orb.
     0 | D:1      | Reached XP level 1. HP: 18/18 MP: 1/1
   231 | D:1      | Reached XP level 2. HP: 23/25 MP: 3/3
   804 | D:2      | Found a burning altar of Makhleb.
   804 | D:2      | Noticed a cacodemon
   807 | D:2      | Noticed a ynoxinul
   807 | D:2      | Noticed an orange demon
   875 | D:2      | Reached XP level 3. HP: 25/31 MP: 4/4
  1030 | D:2      | Found a glowing silver altar of Zin.
  1032 | D:2      | Found a white marble altar of Elyvilon.
  1032 | D:2      | Found a sacrificial altar of Ru.
  1033 | D:2      | Found a shattered altar of Ashenzari.
  1034 | D:2      | Found a sparkling altar of Nemelex Xobeh.
  1034 | D:2      | Found a snail-covered altar of Cheibriados.
  1040 | D:2      | Found a basalt altar of Yredelemnul.
  1040 | D:2      | Found a shadowy altar of Dithmenos.
  1420 | D:2      | Became a worshipper of Nemelex Xobeh the Trickster
  1420 | D:2      | Received a gift from Nemelex Xobeh
  1420 | D:2      | Received a gift from Nemelex Xobeh
  1420 | D:2      | Received a gift from Nemelex Xobeh
  1472 | D:3      | Reached skill level 5 in Fighting
  1498 | D:3      | Reached XP level 4. HP: 16/39 MP: 5/5
  1997 | D:3      | Reached XP level 5. HP: 39/46 MP: 7/7
  2001 | D:3      | Reached skill level 6 in Fighting
  2465 | D:3      | Noticed a phantom
  2611 | D:3      | Reached XP level 6. HP: 51/53 MP: 8/8
  2644 | D:3      | Reached skill level 1 in Long Blades
  3143 | D:4      | Noticed Duvessa
  3168 | D:4      | Noticed Dowan
  3193 | D:4      | Killed Dowan
  3410 | D:4      | Noticed Zapata's ghost (average KoBe)
  3493 | D:5      | Entered Level 5 of the Dungeon
  3518 | D:5      | Reached XP level 7. HP: 56/59 MP: 9/9
  3554 | D:5      | Received a gift from Nemelex Xobeh
  3859 | D:5      | Reached skill level 1 in Evocations
  3903 | D:5      | Acquired Nemelex Xobeh's first power
  3944 | D:5      | Reached skill level 5 in Long Blades
  4390 | D:5      | Received a gift from Nemelex Xobeh
  4479 | D:5      | Reached XP level 8. HP: 65/65 MP: 12/14
  4497 | D:5      | Found a staircase to the Ecumenical Temple.
  4870 | D:6      | Noticed Zapata's ghost (experienced KoBe)
  5176 | D:6      | Received a gift from Nemelex Xobeh
  5600 | D:6      | Found an opulent altar of Gozag.
  5746 | D:6      | Found a shimmering altar of Xom.
  5816 | D:7      | Reached skill level 7 in Long Blades
  5939 | D:7      | Reached skill level 5 in Evocations
  5939 | D:7      | Reached XP level 9. HP: 71/71 MP: 18/18
  6203 | D:7      | Reached skill level 8 in Long Blades
  6438 | D:7      | Reached skill level 9 in Long Blades
  6736 | D:7      | Reached skill level 10 in Long Blades
  6988 | D:7      | Found a bloodstained altar of Trog.
  7046 | D:7      | Got a faintly humming leather armour
  7057 | D:7      | Identified the +1 leather armour "Nagem" {MR++ Int+6 Dex-2} (You found it on level 7 of the Dungeon)
  7160 | D:8      | Received a gift from Nemelex Xobeh
  7243 | D:8      | Acquired Nemelex Xobeh's second power
  7308 | D:8      | Reached XP level 10. HP: 34/77 MP: 21/21
  7723 | D:8      | Reached skill level 11 in Long Blades
  8507 | D:8      | Received a gift from Nemelex Xobeh
  8864 | D:9      | Reached skill level 12 in Long Blades
  9100 | D:9      | Got a shimmering rapier
  9102 | D:9      | Identified the +2 rapier "Riocloaro" {pierce, *Rage rPois rF+ Stlth+} (You found it on level 9 of the Dungeon)
  9442 | D:10     | Entered Level 10 of the Dungeon
  9483 | D:10     | Received a gift from Nemelex Xobeh
  9485 | D:10     | Noticed an unseen horror
  9489 | D:10     | Killed an unseen horror
  9489 | D:10     | Reached skill level 13 in Long Blades
  9542 | D:10     | Reached XP level 11. HP: 83/83 MP: 22/22
  9592 | D:10     | Noticed Eustachio
  9608 | D:10     | Killed Eustachio
 10284 | D:10     | Reached skill level 14 in Long Blades
 10469 | D:10     | Reached skill level 1 in Armour
 10845 | D:10     | Found a staircase to the Orcish Mines.
 10849 | D:10     | Received a gift from Nemelex Xobeh
 11549 | D:11     | Acquired Nemelex Xobeh's third power
 11551 | D:11     | Noticed a hill giant
 11558 | D:11     | Killed a hill giant
 11558 | D:11     | Reached skill level 5 in Armour
 11692 | D:11     | Received a gift from Nemelex Xobeh
 12235 | D:11     | Noticed a cyan ugly thing
 12249 | D:11     | Killed a cyan ugly thing
 12276 | D:11     | Got a brightly glowing scale mail
 12287 | D:11     | Identified the +4 scale mail of Theory {+Blink rN+ Int-4 SInv} (You found it on level 11 of the Dungeon)
 12482 | D:11     | Found a staircase to the Lair.
 12673 | D:11     | Identified a scroll of acquirement
 12744 | Lair:1   | Entered Level 1 of the Lair of Beasts
 12772 | Lair:1   | Reached XP level 12. HP: 89/89 MP: 23/23
 13027 | Lair:1   | Received a gift from Nemelex Xobeh
 13287 | Lair:1   | Reached skill level 10 in Armour
 14031 | Lair:2   | Received a gift from Nemelex Xobeh
 14047 | Lair:2   | Noticed an eight-headed hydra
 14054 | Lair:2   | Killed an eight-headed hydra
 14412 | Lair:2   | Drew Focus: Str increased to 23, Int decreased to 8
 14425 | Lair:2   | Noticed a four-headed hydra
 14428 | Lair:2   | Killed a four-headed hydra
 15072 | Lair:2   | Received a gift from Nemelex Xobeh
 15270 | Lair:2   | Noticed a seven-headed hydra
 15274 | Lair:2   | Killed a seven-headed hydra
 15274 | Lair:2   | Reached skill level 10 in Evocations
 15587 | Lair:3   | Reached XP level 13. HP: 29/95 MP: 28/28
 15830 | Lair:1   | Noticed an eight-headed hydra
 15834 | Lair:1   | Killed an eight-headed hydra
 15931 | Lair:3   | Noticed Maud
 15944 | Lair:3   | Killed Maud
 16067 | Lair:3   | Received a gift from Nemelex Xobeh
 16484 | Lair:3   | Received a gift from Nemelex Xobeh
 16828 | Lair:4   | Received a gift from Nemelex Xobeh
 17760 | Lair:5   | Received a gift from Nemelex Xobeh
 18874 | Lair:6   | Received a gift from Nemelex Xobeh
 19205 | Lair:6   | Gained mutation: Your muscles are strong. (Str +2) [potion of mutation]
 19205 | Lair:6   | Gained mutation: Your muscles are very strong. (Str +4) [potion of mutation]
 19205 | Lair:6   | Gained mutation: Scrolls take you a little longer to read. [potion of mutation]
 19206 | Lair:6   | Gained mutation: Scrolls take you longer to read. [potion of mutation]
 19206 | Lair:6   | Gained mutation: Your spells are a little easier to cast, but a little less powerful. [potion of mutation]
 19213 | Lair:6   | Found a staircase to the Snake Pit.
 19313 | Lair:6   | Found a staircase to the Swamp.
 19344 | Lair:6   | Noticed Rupert
 19358 | Lair:6   | Killed Rupert
 20004 | Lair:6   | Received a gift from Nemelex Xobeh
 20098 | Lair:6   | Reached skill level 15 in Long Blades
 20306 | Lair:7   | Reached XP level 14. HP: 88/104 MP: 31/31
 20649 | Lair:7   | Found a staircase to the Slime Pits.
 20650 | Lair:7   | Found a viscous altar of Jiyva.
 20708 | Lair:7   | Received a gift from Nemelex Xobeh
 21109 | Lair:8   | Entered Level 8 of the Lair of Beasts
 21515 | Lair:8   | Found a burning altar of Makhleb.
 21516 | Lair:8   | Noticed Throtuuhyc the pandemonium lord
 21570 | Lair:8   | Reached skill level 16 in Long Blades
 21592 | Lair:8   | Found a gateway to Hell.
 22192 | Lair:8   | Received a gift from Nemelex Xobeh
 22545 | Lair:8   | Received a gift from Nemelex Xobeh
 23109 | Orc:1    | Entered Level 1 of the Orcish Mines
 23215 | Orc:1    | Found a flagged portal.
 23237 | Bailey   | Entered a bailey
 23271 | Bailey   | Received a gift from Nemelex Xobeh
 23423 | Bailey   | Got an ancient shield
 23434 | Bailey   | Identified the -7 shield "Qacuan" {+Inv rPois MR+ Regen+ Str+3} (You found it in a bailey)
 23878 | Orc:1    | Found an iron altar of Okawaru.
 24292 | Orc:1    | Received a gift from Nemelex Xobeh
 25666 | Orc:3    | Found a staircase to the Elven Halls.
 25827 | Orc:3    | Received a gift from Nemelex Xobeh
 25848 | Orc:3    | Reached skill level 10 in Fighting
 25876 | Orc:3    | Noticed Sonja
 25896 | Orc:3    | Killed Sonja
 26288 | Orc:3    | Reached skill level 17 in Long Blades
 26324 | Orc:3    | Reached XP level 15. HP: 112/115 MP: 32/32
 26553 | Orc:4    | Entered Level 4 of the Orcish Mines
 26553 | Orc:4    | Received a gift from Nemelex Xobeh
 26564 | Orc:4    | Found a roughly hewn altar of Beogh.
 27023 | Orc:4    | Found a roughly hewn altar of Beogh.
 27072 | Orc:4    | Found Miaguk's Book Shop.
 27072 | Orc:4    | Found Isiunaus' Food Emporium.
 27095 | Orc:4    | Noticed Grum
 27110 | Orc:4    | Killed Grum
 27365 | Orc:4    | Found Daram's Distillery.
 27389 | Orc:4    | Bought a potion of invisibility for 88 gold pieces
 27389 | Orc:4    | Bought a potion of curing for 33 gold pieces
 27389 | Orc:4    | Bought a potion of heal wounds for 55 gold pieces
 27389 | Orc:4    | Bought a potion of heal wounds for 55 gold pieces
 27393 | Orc:4    | Found Camarasa's Weapon Emporium.
 27783 | Orc:4    | Received a gift from Nemelex Xobeh
 27876 | Orc:4    | Bought a meat ration for 55 gold pieces
 27876 | Orc:4    | Bought a meat ration for 55 gold pieces
 28607 | Orc:4    | Noticed Erolcha
 28611 | Orc:4    | Noticed Erolcha
 28611 | Orc:4    | Erolcha changed into Erolcha the warg
 28613 | Orc:4    | Killed Erolcha the warg
 28800 | D:12     | Reached skill level 15 in Evocations
 28908 | D:12     | Received a gift from Nemelex Xobeh
 28972 | D:12     | Noticed Erica
 28976 | D:12     | Killed Erica
 29333 | D:12     | Received a gift from Nemelex Xobeh
 29628 | D:12     | Noticed an orc warlord
 29629 | D:12     | an orc warlord changed into an alligator snapping turtle
 30237 | D:13     | Found a frozen archway.
 30325 | IceCv    | Entered an ice cave
 30504 | D:13     | Found Uril's Magic Scroll Shop.
 30511 | D:13     | Bought a scroll of enchant weapon for 120 gold pieces
 30511 | D:13     | Bought a scroll of enchant armour for 120 gold pieces
 30511 | D:13     | Bought a scroll of identify for 32 gold pieces
 30511 | D:13     | Bought a scroll of magic mapping for 56 gold pieces
 30511 | D:13     | Bought 3 scrolls of enchant armour for 360 gold pieces
 30511 | D:13     | Bought a scroll of enchant armour for 120 gold pieces
 30511 | D:13     | Bought a scroll of identify for 32 gold pieces
 30511 | D:13     | Bought a scroll of silence for 120 gold pieces
 30511 | D:13     | Bought a scroll of identify for 32 gold pieces
 30597 | D:13     | Received a gift from Nemelex Xobeh
 31054 | D:13     | Reached XP level 16. HP: 119/124 MP: 26/35
 31090 | D:13     | Reached skill level 18 in Evocations
 31093 | D:13     | Found a gate to the Vaults.
 32482 | D:14     | Received a gift from Nemelex Xobeh
 32531 | D:14     | Found Muohoun's Jewellery Boutique.
 32540 | D:14     | Bought the ring "Fruatt" {rPois MP+9 Int-2 Dex+3 SInv Stlth+} for 455 gold pieces
 33085 | D:15     | Entered Level 15 of the Dungeon
 33276 | D:15     | Received a gift from Nemelex Xobeh
 33659 | D:15     | Found a staircase to the Depths.
 33888 | D:15     | Reached skill level 5 in Shields
 34112 | D:15     | Found a sparkling altar of Nemelex Xobeh.
 34213 | D:15     | Found a stormy altar of Qazlal.
 34371 | D:15     | Received a gift from Nemelex Xobeh
 34923 | Swamp:1  | Entered Level 1 of the Swamp
 35607 | Swamp:1  | Received a gift from Nemelex Xobeh
 35653 | Swamp:1  | Got a spiked ring mail
 35664 | Swamp:1  | Identified the cursed -5 ring mail of Grace {+Blink rCorr Str+5 Int-4} (You found it on level 1 of the Swamp)
 36245 | Swamp:2  | Reached XP level 17. HP: 130/130 MP: 36/36
 36326 | Swamp:2  | Reached skill level 10 in Shields
 36460 | Swamp:2  | Received a gift from Nemelex Xobeh
 37228 | Swamp:3  | Noticed Norris
 37266 | Swamp:3  | Killed Norris
 37483 | Swamp:3  | Received a gift from Nemelex Xobeh
 37613 | Swamp:3  | Noticed Treley the pandemonium lord
 38082 | Swamp:3  | Noticed Agnes
 38098 | Swamp:3  | Killed Agnes
 38771 | Swamp:3  | Found a radiant altar of Vehumet.
 39701 | Swamp:5  | Entered Level 5 of the Swamp
 39936 | Swamp:5  | Noticed Musodifi the pandemonium lord
 40009 | Swamp:5  | Reached skill level 15 in Shields
 40458 | Swamp:4  | Reached XP level 18. HP: 93/136 MP: 37/37
 40717 | Swamp:5  | Noticed Anothat's ghost (mighty DsBe)
 41329 | Swamp:5  | Killed Anothat's ghost
 41897 | Swamp:5  | Received a gift from Nemelex Xobeh
 42069 | Swamp:5  | Got a decaying rune of Zot
 43088 | Snake:1  | Entered Level 1 of the Snake Pit
 43130 | Snake:1  | Reached skill level 19 in Long Blades
 43136 | Snake:1  | Got a jewelled plate armour
 43361 | Lair:2   | Identified the +7 plate armour of the Amoeba {+Blink rC+ rN+ Dex-5 Slay-4} (You found it on level 1 of the Snake Pit)
 43670 | Snake:1  | Got a shimmering cloak
 43681 | Snake:1  | Identified the -5 cloak of Sloth {-Cast rPois MR+ MP+9 Dex+5} (You acquired it on level 1 of the Snake Pit)
 44167 | Snake:2  | Noticed Aizul
 44180 | Snake:2  | Killed Aizul
 44346 | Snake:2  | Found a radiant altar of Vehumet.
 44409 | Snake:2  | Received a gift from Nemelex Xobeh
 44772 | Snake:3  | Noticed Mara
 44838 | Snake:3  | Killed Mara
 45095 | Snake:3  | Received a gift from Nemelex Xobeh
 45138 | Snake:3  | Reached skill level 20 in Long Blades
 45173 | Snake:3  | Found Ydweveew's Assorted Antiques.
 45267 | Snake:3  | Reached XP level 19. HP: 101/142 MP: 37/37
 45408 | Snake:3  | Bought a wand of lightning for 140 gold pieces
 45408 | Snake:3  | Bought a scroll of identify for 70 gold pieces
 45408 | Snake:3  | Bought a scroll of identify for 70 gold pieces
 45408 | Snake:3  | Bought a scroll of enchant weapon for 262 gold pieces
 45408 | Snake:3  | Bought 2 potions of mutation for 175 gold pieces
 45408 | Snake:3  | Gained mutation: Your body is slowly deteriorating. [potion of mutation]
 45408 | Snake:3  | Gained mutation: You are clumsy. (Dex -2) [potion of mutation]
 45409 | Snake:3  | Gained mutation: You are very clumsy. (Dex -4) [potion of mutation]
 45409 | Snake:3  | Lost mutation: You are very clumsy. (Dex -4) [potion of mutation]
 46013 | Snake:4  | Received a gift from Nemelex Xobeh
 47613 | Snake:4  | Reached skill level 21 in Long Blades
 47733 | Snake:5  | Entered Level 5 of the Snake Pit
 47751 | Snake:5  | Found a shimmering altar of Xom.
 48189 | Snake:5  | Lost mutation: Your spells are a little easier to cast, but a little less powerful. [mutagenic meat]
 48381 | Snake:5  | Got a dazzling great sword
 48397 | Snake:5  | Identified the +2 great sword "Vikkefoh" {holy, rElec rF- Str+5} (You found it on level 5 of the Snake Pit)
 48558 | Snake:5  | Reached skill level 22 in Long Blades
 48580 | Snake:5  | Reached XP level 20. HP: 134/149 MP: 38/38
 48629 | Snake:5  | Gained mutation: You are surrounded by a mild repulsion field (EV +2). [mutagenic meat]
 49217 | Snake:5  | Gained mutation: Your body is deteriorating. [mutagenic meat]
 49218 | Snake:5  | Lost mutation: Your body is deteriorating. [mutagenic meat]
 49220 | Snake:5  | Gained mutation: Your body is deteriorating. [mutagenic meat]
 49707 | Snake:5  | Gained mutation: You are frail (-10% HP). [mutagenic meat]
 49761 | Snake:5  | Gained mutation: You can spit poison. [potion of mutation]
 49798 | Snake:5  | Received a gift from Nemelex Xobeh
 50393 | Snake:5  | Reached skill level 23 in Long Blades
 50946 | Snake:5  | Got a serpentine rune of Zot
 50947 | Snake:5  | t:5
 51468 | Vaults:1 | Entered Level 1 of the Vaults
 52268 | Vaults:1 | Reached XP level 21. HP: 106/139 MP: 39/39
 52913 | Vaults:1 | Reached skill level 24 in Long Blades
 52970 | Vaults:1 | Received a gift from Nemelex Xobeh
 53247 | Vaults:1 | Lost mutation: Your body is deteriorating. [mutagenic meat]
 53248 | Vaults:1 | Gained mutation: Armour fits poorly on your strangely shaped body. [mutagenic meat]
 53249 | Vaults:1 | Lost mutation: You are surrounded by a mild repulsion field (EV +2). [mutagenic meat]
 53250 | Vaults:1 | Lost mutation: Scrolls take you longer to read. [mutagenic meat]
 53251 | Vaults:1 | Lost mutation: Armour fits poorly on your strangely shaped body. [mutagenic meat]
 53252 | Vaults:1 | Lost mutation: You are frail (-10% HP). [mutagenic meat]
 53253 | Vaults:1 | Gained mutation: You have sharp fingernails. [mutagenic meat]
 53259 | Vaults:1 | Gained mutation: You are resistant to hostile enchantments. [mutagenic meat]
 54368 | Vaults:2 | Received a gift from Nemelex Xobeh
 54750 | Vaults:2 | Got a pitted blowgun
 54751 | Vaults:2 | Identified the cursed +3 blowgun "Neps" {evade, +Blink rF+ rN+ Str-4} (You found it on level 2 of the Vaults)
 55049 | Vaults:2 | Received a gift from Nemelex Xobeh
 55798 | Vaults:3 | Found a staircase to the Crypt.
 56238 | Vaults:3 | Received a gift from Nemelex Xobeh
 56870 | Vaults:3 | Received a gift from Nemelex Xobeh
 57022 | Vaults:3 | Reached XP level 22. HP: 150/167 MP: 40/40
 57029 | Vaults:3 | Lost mutation: Your body is slowly deteriorating. [mutagenic meat]
 57030 | Vaults:3 | Lost mutation: You are clumsy. (Dex -2) [mutagenic meat]
 57031 | Vaults:3 | Lost mutation: You can spit poison. [mutagenic meat]
 57082 | Vaults:3 | Gained mutation: You are dopey. (Int -2) [mutagenic meat]
 57083 | Vaults:3 | Gained mutation: Your body is slowly deteriorating. [mutagenic meat]
 57084 | Vaults:3 | Gained mutation: You are agile. (Dex +2) [mutagenic meat]
 57085 | Vaults:3 | Lost mutation: You have sharp fingernails. [mutagenic meat]
 57309 | Vaults:3 | Received a gift from Nemelex Xobeh
 57475 | Vaults:3 | Reached skill level 5 in Dodging
 58147 | Vaults:4 | Gained mutation: Scrolls take you longer to read. [mutagenic meat]
 58148 | Vaults:4 | Lost mutation: You are agile. (Dex +2) [mutagenic meat]
 58149 | Vaults:4 | Gained mutation: Scrolls take you much longer to read. [mutagenic meat]
 59181 | Vaults:4 | Received a gift from Nemelex Xobeh
 59520 | Vaults:4 | Lost mutation: Your muscles are very strong. (Str +4) [mutagenic meat]
 59521 | Vaults:4 | Gained mutation: You have large cloven feet. [mutagenic meat]
 59939 | Vaults:4 | Received a gift from Nemelex Xobeh
 59950 | Vaults:4 | Found Coecs' General Store.
 59959 | Vaults:4 | Bought a scroll of identify for 32 gold pieces
 59959 | Vaults:4 | Bought a meat ration for 80 gold pieces
 59959 | Vaults:4 | Upgraded the game from 0.16.0-16-g311141a to 0.16.0-17-g811c1d7
 60418 | Elf:1    | Entered Level 1 of the Elven Halls
 61228 | Depths:1 | Entered Level 1 of the Depths
 61313 | Depths:1 | Reached skill level 15 in Fighting
 61525 | Depths:1 | Lost mutation: Your body is slowly deteriorating. [mutagenic meat]
 61528 | Depths:1 | Lost mutation: Your muscles are strong. (Str +2) [mutagenic meat]
 61529 | Depths:1 | Gained mutation: You are robust (+10% HP). [mutagenic meat]
 61531 | Depths:1 | Gained mutation: You have hoof-like feet. [mutagenic meat]
 61532 | Depths:1 | Gained mutation: You are very robust (+20% HP). [mutagenic meat]
 61534 | Depths:1 | Gained mutation: You passively map a small area around you. [mutagenic meat]
 61536 | Depths:1 | Gained mutation: You occasionally shout uncontrollably at your foes. [mutagenic meat]
 61588 | Depths:1 | Lost mutation: You occasionally shout uncontrollably at your foes. [mutagenic meat]
 61691 | Depths:1 | Received a gift from Nemelex Xobeh
 61745 | Depths:1 | Reached XP level 23. HP: 165/218 MP: 41/41
 61998 | Depths:1 | Found a one-way gate leading to the halls of Pandemonium.
 62114 | Depths:1 | Gained mutation: You are weak. (Str -2) [mutagenic meat]
 62116 | Depths:1 | Gained mutation: You are very dopey. (Int -4) [mutagenic meat]
 62385 | Depths:1 | Received a gift from Nemelex Xobeh
 62424 | Depths:1 | Got a slimy arbalest
 62428 | Depths:1 | Identified the +4 arbalest "Goblinbane" {freeze, rC- Str+5 Dex+2} (You found it on level 1 of the Depths)
 62586 | Depths:1 | Gained mutation: Your body is slowly deteriorating. [mutagenic meat]
 62650 | Depths:2 | Gained mutation: Your flesh is heat resistant. [potion of beneficial mutation]
 62715 | Depths:2 | Found Gyxtayha's Magic Scroll Shop.
 62723 | Depths:2 | Bought a scroll of magic mapping for 45 gold pieces
 62723 | Depths:2 | Bought a scroll of recharging for 123 gold pieces
 62723 | Depths:2 | Bought a scroll of identify for 26 gold pieces
 62723 | Depths:2 | Bought a scroll of fog for 26 gold pieces
 62723 | Depths:2 | Bought a scroll of enchant armour for 97 gold pieces
 62723 | Depths:2 | Bought a scroll of summoning for 123 gold pieces
 62723 | Depths:2 | Bought a scroll of identify for 26 gold pieces
 62743 | Depths:2 | Received a gift from Nemelex Xobeh
 63229 | Depths:2 | Lost mutation: Scrolls take you much longer to read. [mutagenic meat]
 63230 | Depths:2 | Gained mutation: You are partially covered in molten scales (AC +1). [mutagenic meat]
 63269 | Depths:2 | Received a gift from Nemelex Xobeh
 63379 | Depths:2 | Lost mutation: Scrolls take you longer to read. [mutagenic meat]
 63382 | Depths:2 | Lost mutation: You are very dopey. (Int -4) [mutagenic meat]
 63403 | Depths:2 | Noticed Saint Roka
 63408 | Depths:2 | Noticed Saint Roka
 63408 | Depths:2 | Saint Roka changed into Saint Roka the shadow dragon
 63440 | Depths:2 | Killed Saint Roka the shadow dragon
 64299 | Depths:2 | Killed from afar by a spellforged servitor

Action                   |  1- 3 |  4- 6 |  7- 9 | 10-12 | 13-15 | 16-18 | 19-21 | 22-24 || total
-------------------------+-------+-------+-------+-------+-------+-------+-------+-------++-------
Melee: Unarmed           |    15 |       |       |       |       |       |       |       ||    15
       Mace              |    41 |       |       |       |       |       |       |       ||    41
       Rapier            |    50 |   135 |   195 |       |       |       |       |       ||   380
       Scimitar          |       |       |    98 |   629 |  1277 |  1274 |   654 |       ||  3932
       Triple sword      |       |       |       |       |       |    27 |       |       ||    27
       Great sword       |       |       |       |       |       |       |   682 |   738 ||  1420
 Fire: Blowgun           |       |       |    12 |     3 |     6 |       |       |       ||    21
Invok: Triple Draw       |       |       |       |     3 |     3 |     2 |       |       ||     8
       Deal Four         |       |       |       |       |     8 |     5 |     1 |     7 ||    21
       Stack Five        |       |       |       |       |     3 |     3 |     1 |     1 ||     8
 Abil: Dig               |       |       |    11 |     6 |    15 |     7 |     8 |     5 ||    52
       Evoke Flight      |       |       |       |       |       |     2 |       |       ||     2
Evoke: Deck              |       |     6 |     3 |    17 |    53 |    22 |     1 |     9 ||   111
       Wand              |       |       |       |    16 |    32 |    25 |     1 |     7 ||    81
       Box of beasts     |       |       |       |       |     3 |     1 |       |       ||     4
  Use: Scroll            |     2 |       |     6 |    11 |    11 |    14 |     4 |     4 ||    52
       Potion            |       |       |    10 |     5 |    11 |    16 |     4 |     1 ||    47
 Stab: Sleeping          |     4 |     2 |       |       |       |       |       |       ||     6
       Invisible         |       |       |       |     4 |     1 |     1 |       |       ||     6
       Distracted        |       |       |       |       |     1 |       |       |     3 ||     4
       Confused          |       |       |       |       |       |     3 |       |       ||     3
  Eat: Chunk             |     1 |     7 |    12 |    22 |    23 |     3 |    30 |    45 ||   143
       Beef jerky        |       |       |     1 |     3 |     3 |     1 |       |       ||     8
       Fruit             |       |       |       |     1 |       |     3 |       |       ||     4
       Bread ration      |       |       |       |       |     6 |     4 |     4 |     3 ||    17
       Royal jelly       |       |       |       |       |     1 |     1 |       |     1 ||     3
       Pizza             |       |       |       |       |     1 |     3 |     1 |       ||     5
       Meat ration       |       |       |       |       |     1 |     3 |     4 |     2 ||    10
